 Dungeon Crawl Stone Soup version 0.20-a0-1018-ge435b50 (webtiles) character file.

3353 stigmas the Grave Robber (level 9, -11/66 HPs)
             Began as a Demonspawn Necromancer on Apr 17, 2017.
             Killed from afar by Harold (23 damage)
             ... with a bolt of fire
             ... on level 11 of the Dungeon.
             The game lasted 00:33:33 (11924 turns).

stigmas the Grave Robber (Demonspawn Necromancer)  Turns: 11924, Time: 00:33:34

Health: -11/66     AC: 14    Str: 11    XL:     9   Next: 73%
Magic:  1/17       EV: 10    Int: 18    God:
Gold:   346        SH:  0    Dex: 17    Spells: 11/19 levels left

rFire    . . .     SeeInvis +     - Unarmed
rCold    + . .     Gourm    .   (no shield)
rNeg     + . .     Faith    .   k - +0 ring mail
rPois    .         Spirit   .   (no helmet)
rElec    .         Reflect  .   w - +0 cloak
rCorr    .         Harm     .   (no gloves)
MR       .....                  f - +0 pair of boots
Stlth    ++........             (no amulet)
Regen    0.3/turn               x - ring of see invisible
MPRegen  0.2/turn               y - ring "Vaipt" {rC+ rN+ EV-2 Int+2 Dex+2} (curse)

@: sanguine armour, very slightly contaminated
A: claws 2, foul stench 1, nightstalker 1, rot immunity, sanguine armour 1
a: no special abilities


You were on level 11 of the Dungeon.
You were very hungry.

You visited 1 branch of the dungeon, and saw 11 of its levels.
You also visited: Sewer.

You collected 346 gold pieces.

Inventory:

Hand Weapons
 l - a +0 dagger
Armour
 a - a +0 robe
 f - a +0 pair of boots (worn)
 k - a +0 ring mail (worn)
 w - a +0 cloak (worn)
Jewellery
 v - an uncursed ring of protection from cold
 x - a ring of see invisible (left claw)
 y - the cursed ring "Vaipt" (right claw) {rC+ rN+ EV-2 Int+2 Dex+2}
   (You found it on level 6 of the Dungeon)

   [ring of evasion]

   It affects your evasion (-2).
   It affects your intelligence (+2).
   It affects your dexterity (+2).
   It protects you from cold.
   It protects you from negative energy.
   It has a curse placed upon it.
Wands
 G - a wand of polymorph (4/24)
Scrolls
 c - a scroll of magic mapping {unknown}
 j - 3 scrolls of fear {unknown}
 p - 2 scrolls of amnesia {unknown}
 q - 2 scrolls of remove curse {unknown}
 E - a scroll of enchant armour {unknown}
 F - a scroll of immolation {unknown}
 H - a scroll of identify
Potions
 d - 4 potions of curing
 e - 6 potions of flight
 g - 2 potions of brilliance
 h - a potion of lignification {unknown}
 i - a potion of invisibility
 o - a potion of resistance
 s - 2 potions of mutation
 t - a potion of degeneration
 z - a potion of berserk rage {unknown}
 C - a potion of experience {unknown}
Books
 b - a book of Necromancy

   Spells                             Type                      Level
   a - Pain                           Necromancy                   1
   b - Animate Skeleton               Necromancy                   1
   c - Vampiric Draining              Necromancy                   3
   d - Regeneration                   Charms/Necromancy            3
   e - Animate Dead                   Necromancy                   4
   f - Control Undead                 Necromancy                   4
Comestibles
 r - 2 meat rations
 A - 3 fruits
 B - a bread ration


   Skills:
 * Level 4.6 Fighting
 + Level 4.1 Armour
 + Level 3.2 Dodging
 - Level 1.7 Stealth
 * Level 6.3 Unarmed Combat
 * Level 5.8 Spellcasting
 * Level 3.6 Charms
 * Level 7.5 Necromancy


You had 11 spell levels left.
You knew the following spells:

 Your Spells              Type           Power        Failure   Level  Hunger
a - Pain                  Necr           ####         1%          1    None
b - Regeneration          Chrm/Necr      ####......   10%         3    ##.....
c - Vampiric Draining     Necr           ####......   4%          3    ##.....
d - Animate Skeleton      Necr           N/A          1%          1    None


Dungeon Overview and Level Annotations

Branches:
Dungeon (13/15)
 Temple: D:4-7         Lair: D:8-11         Orc: D:9-12      Vaults: D:13-14

Altars:
Cheibriados

Annotations:
D:2 Natasha
D:4 Leonis's ghost, amateur HOFi
D:11 Fannar; Harold
D:12 shaftrobin's ghost, weakling FoFi


Innate Abilities, Weirdness & Mutations

You have very sharp fingernails.
You may emit foul miasma when damaged in melee.
You are slightly more attuned to the shadows.
You are immune to rotting.
When seriously injured, your bleeding wounds create armour. (AC +6)


Message History

Aiming: Vampiric Draining
Press: ? - help, Shift-Dir - straight line, f - Harold
Aim: Harold, wielding a hand axe of chopping and wearing a ring mail (moderately wounded, sick) Harold is heavily wounded.
You feel life coursing into your body. Harold misses you.
Casting: Vampiric Draining
Confirm with . or Enter, or press ? or * to list all spells.
You don't have enough magic to cast that spell.
You scratch Harold but do no damage.
Harold is heavily wounded.
Harold points at you and mumbles some strange words.
The bolt of fire hits you!
* * * LOW HITPOINT WARNING * * *
You hear a shout!
You scratch Harold but do no damage.
Harold is heavily wounded.
You feel better. Harold gestures at you while chanting.
The bolt of fire hits you!
You die...

.... .... ....
..!. ...... ####
#.....# #.....#
#.....#
#.....#######
#.......oh@@#
######........####
...(..........#
......#######.#
####..# #.# #..#
#.# #..# #.# #..#
#.# #..#


You could see Harold, an orc and a jackal.

Vanquished Creatures
  Pikel (D:6)
  Grinder (D:5)
  Sigmund (D:6)
  2 hippogriffs
  A steam dragon (D:10)
  An orc warrior (D:11)
  5 ice beasts
  A phantom (D:6)
  An ogre (D:4)
  2 centaurs
  5 bullfrogs
  A scorpion (D:5)
  A quasit (D:6)
  3 hounds (D:6)
  A bullfrog skeleton (D:5)
  2 orc priests
  4 orc wizards
  2 centaur skeletons
  An iguana (D:6)
  Natasha (D:2)
  A merfolk siren (Sewer)
  4 worker ants
  A hound skeleton (D:5)
  11 adders
  5 river rats
  2 worms
  A dart slug (D:5)
  6 leopard geckos
  12 orcs
  8 giant cockroaches
  3 goblins
  8 hobgoblins
  12 jackals
  3 quokkas
  2 ball pythons
  2 bats (D:1)
  3 frilled lizards
  6 kobolds
  A quokka skeleton (D:6)
  22 rats
150 creatures vanquished.

Vanquished Creatures (collateral kills)
  A merfolk avatar (Sewer)
  2 adders (Sewer)
  A river rat (Sewer)
  A leopard gecko (Sewer)
  2 ball pythons (Sewer)
  2 frilled lizards (Sewer)
  8 rats (Sewer)
17 creatures vanquished.

Grand Total: 167 creatures vanquished

Notes
Turn   | Place    | Note
-------+----------+-------------------------------------------
     0 | D:1      | stigmas the Demonspawn Necromancer began the quest for the Orb.
     0 | D:1      | Reached XP level 1. HP: 13/13 MP: 3/3
   675 | D:1      | Gained mutation: When seriously injured, your bleeding wounds create armour. (AC +6) [demonic ancestry]
   675 | D:1      | Reached XP level 2. HP: 20/20 MP: 3/5
  1283 | D:1      | Reached skill level 5 in Necromancy
  1424 | D:2      | Reached skill level 1 in Fighting
  1424 | D:2      | Reached XP level 3. HP: 25/26 MP: 2/6
  2221 | D:2      | Noticed Natasha
  2253 | D:2      | Killed Natasha
  2253 | D:2      | Reached skill level 1 in Armour
  2253 | D:2      | Reached XP level 4. HP: 18/32 MP: 0/8
  2434 | D:2      | Noticed Natasha
  2819 | D:3      | Found a glowing drain.
  2846 | Sewer    | Entered a sewer
  3028 | Sewer    | Learned a level 3 spell: Regeneration
  3032 | Sewer    | Learned a level 3 spell: Vampiric Draining
  3164 | Sewer    | Learned a level 1 spell: Animate Skeleton
  3252 | Sewer    | Gained mutation: You have sharp fingernails. [demonic ancestry]
  3252 | Sewer    | Reached XP level 5. HP: 21/38 MP: 6/9
  4236 | Sewer    | Reached skill level 1 in Unarmed Combat
  4843 | D:3      | Gained mutation: You are immune to rotting. [demonic ancestry]
  4843 | D:3      | Reached XP level 6. HP: 27/46 MP: 7/11
  5056 | D:3      | Found a snail-covered altar of Cheibriados.
  5869 | D:4      | Noticed Leonis's ghost (amateur HOFi)
  6062 | D:3      | Reached skill level 1 in Charms
  6433 | D:4      | Gained mutation: You have very sharp fingernails. [demonic ancestry]
  6433 | D:4      | Reached XP level 7. HP: 21/51 MP: 2/12
  6796 | D:5      | Entered Level 5 of the Dungeon
  7658 | D:5      | Reached skill level 6 in Necromancy
  8564 | D:6      | Noticed Grinder
  8569 | D:6      | Paralysed by Grinder for 7 turns
  8760 | D:6      | Gained mutation: You may emit foul miasma when damaged in melee. [demonic ancestry]
  8760 | D:6      | Reached XP level 8. HP: 44/58 MP: 14/14
  8773 | D:6      | Got a glittering bone ring
  8775 | D:6      | Identified the cursed ring "Vaipt" {rC+ rN+ EV-2 Int+2 Dex+2} (You found it on level 6 of the Dungeon)
  9607 | D:6      | Noticed Pikel
  9653 | D:6      | Killed Pikel
  9653 | D:6      | Reached skill level 5 in Spellcasting
  9653 | D:6      | Reached skill level 7 in Necromancy
  9938 | D:6      | Noticed Sigmund
  9951 | D:6      | Killed Sigmund
  9951 | D:6      | Reached skill level 5 in Unarmed Combat
  9951 | D:6      | Gained mutation: You are slightly more attuned to the shadows. [demonic ancestry]
  9951 | D:6      | Reached XP level 9. HP: 49/65 MP: 16/16
 10344 | D:5      | Paralysed by Grinder for 7 turns
 10357 | D:5      | Paralysed by Grinder for 4 turns
 10371 | D:5      | Paralysed by Grinder for 3 turns
 10381 | D:5      | Killed Grinder
 10743 | D:7      | Found a snail-covered altar of Cheibriados.
 10790 | D:7      | You fall through a shaft for 3 floors!
 10790 | D:10     | Entered Level 10 of the Dungeon
 11043 | D:10     | You fall through a shaft for 2 floors!
 11164 | D:12     | Noticed a death knight
 11169 | D:12     | Noticed a gargoyle
 11173 | D:12     | Noticed a brown ugly thing
 11177 | D:12     | Noticed a kobold demonologist
 11488 | D:12     | Noticed shaftrobin's ghost (weakling FoFi)
 11490 | D:12     | Noticed a two-headed ogre
 11491 | D:12     | Noticed an unseen horror
 11491 | D:11     | Noticed a seven-headed hydra
 11508 | D:11     | Noticed Harold
 11509 | D:11     | Noticed Fannar
 11799 | D:11     | Noticed a two-headed ogre
 11922 | D:11     | HP: 3/66 [Harold/bolt of fire (25)]
 11924 | D:11     | Killed from afar by Harold

Vault maps used:
D:1:      dpeg_arrival_brainrot
D:2:      lemuel_zombie_altar_kikubaaqudgha, minitemple, first_bread,
          uniq_natasha
D:3:      portal_sewer_entry_e, cheibriados_altar_1
D:4:      serial_shops, kennysheep_little_box, uniq_menkaure
D:5:      nicolae_overflow_hidden_temple
D:6:      uniq_pikel, uniq_grinder, uniq_sigmund
D:7:      lemuel_coloured_pillars_altar, minmay_temple_entry_poolview
D:10:     minmay_orc_entry_temple_small, serial_shops, nicolae_shop_crystal,
          uniq_joseph, uniq_grum
D:11:     uniq_fannar, uniq_harold
D:12:     portal_ice_cave_entry_ice_beasts
D:13:     david_vaults_4
Sewer:    sewer_sea

Skill      XL: |  1  2  3  4  5  6  7  8  9 |
---------------+----------------------------+-----
Necromancy     | 5 6 7 |  7.5
Fighting       | 1 2 3 4 |  4.6
Armour         | 1 2 3 4 |  4.1
Spellcasting   | 3 4 5 |  5.8
Dodging        | 2 3 |  3.2
Unarmed Combat | 1 2 3 5 6 |  6.3
Charms         | 1 2 3 |  3.6
Stealth        | |  1.7

Action                   |  1- 3 |  4- 6 |  7- 9 || total
-------------------------+-------+-------+-------++-------
Melee: Unarmed           |    29 |   282 |   389 ||   700
       Dagger            |   124 |   107 |       ||   231
       Punch             |       |       |     6 ||     6
 Cast: Pain              |    24 |    26 |     8 ||    58
       Animate Skeleton  |       |     3 |       ||     3
       Vampiric Draining |       |     6 |    26 ||    32
       Regeneration      |       |       |     7 ||     7
  Use: Scroll            |       |     5 |     9 ||    14
       Potion            |       |     1 |     4 ||     5
 Stab: Sleeping          |     1 |       |     5 ||     6
  Eat: Chunk             |     4 |    12 |     2 ||    18
       Bread ration      |       |     1 |     1 ||     2
       Fruit             |       |       |     3 ||     3
       Royal jelly       |       |       |     2 ||     2
       Meat ration       |       |       |     1 ||     1
Armor: Robe              |     4 |       |       ||     4
       Ring mail         |    58 |   171 |   223 ||   452
Dodge: Dodged            |    96 |   231 |   219 ||   546
